 Dungeon Crawl Stone Soup version 0.16-a0-1029-gdfc7942 (webtiles) character file.

355201 Psiweapon the Spry (level 23, -9/129 (132) HPs)
             Began as a Kobold Enchanter on Sept 28, 2014.
             Was the Champion of Sif Muna.
             Killed from afar by a lich (24 damage)
             ... with a bolt of negative energy
             ... on level 2 of the Depths on Oct 4, 2014.
             The game lasted 11:53:55 (73369 turns).

Psiweapon the Spry (Kobold Enchanter)              Turns: 73369, Time: 11:53:55

HP  -9/129 (132) AC 19     Str 13      XL: 23   Next: 34%
MP  37/37        EV 22     Int 22      God: Sif Muna [******]
Gold 3664        SH  8     Dex 19      Spells: 13 memorised,  3 levels left

rFire  + + .     SeeInvis .     F - legendary deck of defence {drawn: 1}
rCold  . . .     Clarity  +     V - +0 swamp dragon armour
rNeg   . . .     rCorr    .     c - +1 buckler {AC+3}
rPois  +         rRot     .     (helmet restricted)
rElec  +         Spirit   .     T - +0 cloak {MR+}
SustAb .         Warding  .     Q - +2 pair of gloves {Str+3}
rMut   .         Rnd*Tele +     p - +2 pair of boots {run}
Gourm  .                        X - amulet "Zachit" {Clar rElec Str+1}
MR     ++...                    w - ring "Schia" {+/*Tele +Inv rPois rF+ Slay+4 Stlth+}
                                D - +4 ring of intelligence

@: especially stealthy, very slightly contaminated, very heavily drained,
invisible, quick, very resistant to hostile enchantments, extraordinarily
stealthy
A: horns 1, berserk 3, carnivore 3, fire resistance 1, regeneration 1, wild
magic 1
a: Channel Energy, Forget Spell, Renounce Religion, Turn Visible, Evoke
Teleportation
}: 2/15 runes: decaying, gossamer


You were on level 2 of the Depths.
You worshipped Sif Muna.
Sif Muna was exalted by your worship.
You were very full.

You visited 8 branches of the dungeon, and saw 45 of its levels.
You also visited: Labyrinth, Sewer and Volcano.

You collected 5274 gold pieces.
You spent 1610 gold pieces at shops.

Inventory:

Hand weapons
 a - a +8 dagger of speed
 b - a +3 cutlass of electrocution
 k - a +6 quick blade
Missiles
 x - 5 tomahawks (quivered)
Armour
 c - a +1 buckler of protection (worn)
 p - a +2 pair of boots of running (worn)
 Q - a +2 pair of gloves of strength (worn)
 T - a +0 cloak of magic resistance (worn)
 V - a +0 swamp dragon armour (worn)
Magical devices
 e - a wand of polymorph (10)
 q - a wand of paralysis (11)
 t - a wand of enslavement (10)
 J - a wand of lightning (7)
 P - a wand of cold (4)
 R - a wand of hasting (5)
 U - a wand of fireball (4)
Comestibles
 d - 16 meat rations
Scrolls
 h - a scroll of magic mapping
 l - 21 scrolls of remove curse
 r - 8 scrolls of teleportation
 s - 7 scrolls of fear
 L - 8 scrolls of fog
 O - a scroll of blinking
 S - a scroll of vulnerability
Jewellery
 w - the ring "Schia" (right hand) {+/*Tele +Inv rPois rF+ Slay+4 Stlth+}
   (You found it on level 2 of the Depths)

   [ring of teleportation]

   It causes random teleportation, and can be evoked to teleport at will.
   It affects your accuracy and damage with ranged weapons and melee attacks
   (+4).
   It protects you from fire.
   It protects you from poison.
   It lets you turn invisible.
   It makes you more stealthy.
 y - an uncursed ring of positive energy
 z - an uncursed ring of see invisible
 A - an uncursed ring of ice
 D - a +4 ring of intelligence (left hand)
 G - the ring "Phept" {+Inv rF+ Dex+2}
   (You found it on level 2 of the Swamp)

   [ring of invisibility]

   It affects your dexterity (+2).
   It protects you from fire.
   It lets you turn invisible.
 K - an uncursed ring of flight
 W - an uncursed ring of teleportation
 X - the amulet "Zachit" (around neck) {Clar rElec Str+1}
   (You bought it in a shop on level 12 of the Dungeon)

   [amulet of clarity]

   It provides mental clarity.
   It affects your strength (+1).
   It insulates you from electricity.
Potions
 f - 8 potions of curing
 j - 6 potions of might
 m - 3 potions of agility
 n - 3 potions of haste
 o - 2 potions of resistance
 E - 4 potions of restore abilities
 I - 4 potions of brilliance
 N - 5 potions of cancellation
 Z - 3 potions of magic
Miscellaneous
 i - a stone of tremors
 v - a fan of gales
 B - a phial of floods
 C - a lamp of fire
 F - a legendary deck of defence {drawn: 1} (in hand)
Rods
 g - a +0 rod of inaccuracy (9/13)
   (You found it on level 1 of the Lair of Beasts)
 H - a +2 rod of destruction (2/14)
   (You found it in a labyrinth)
 M - a +6 rod of the swarm (11/11)
   (You found it in a labyrinth)


   Skills:
 - Level 10.0(6.3) Fighting
 - Level 15.2(11.1) Short Blades
 - Level 5.0(1.8) Throwing
 - Level 10.0(6.4) Armour
 + Level 18.0(13.7) Dodging
 - Level 17.8(13.5) Stealth
 - Level 10.0(6.3) Shields
 - Level 10.0(6.4) Spellcasting
 * Level 11.6(7.8) Conjurations
 - Level 14.7(10.6) Hexes
 - Level 1.5(0.0) Necromancy
 - Level 3.6(0.5) Transmutations
 - Level 5.0(1.8) Ice Magic
 * Level 11.5(7.7) Earth Magic
 - Level 1.5(0.0) Invocations
 - Level 10.4(6.7) Evocations


You had 3 spell levels left.
You knew the following spells:

 Your Spells              Type           Power        Failure   Level  Hunger
a - Corona                Hex            ######.      1%          1    None
b - Ensorcelled Hibernat  Hex/Ice        ######       4%          2    None
c - Confuse               Hex            ######..     2%          3    #......
d - Dazzling Spray        Conj/Hex       ######..     3%          3    #......
f - Enslavement           Hex            ######..     4%          4    ###....
g - Tukima's Dance        Hex            ######..     2%          3    #......
h - Fulminant Prism       Conj/Hex       ######....   7%          4    ###....
i - Iron Shot             Conj/Erth      ######....   90%         6    ######.
j - Conjure Flame         Conj/Fire      #####...     19%         3    #......
k - Passwall              Trmt/Erth      #####.....   19%         3    #......
l - Stoneskin             Trmt/Erth      #####...     9%          2    None
m - Petrify               Trmt/Erth      #####...     38%         4    ###....
n - Animate Skeleton      Necr           N/A          22%         1    None


Dungeon Overview and Level Annotations

Branches:
Dungeon (15/15)            Temple (0/1) D:7             Orc (4/4) D:10
    Elf (2/3) Orc:3          Lair (8/8) D:9           Swamp (5/5) Lair:5
 Spider (5/5) Lair:3        Slime (0/6) Lair:7       Vaults (4/5) D:13
  Crypt (0/3) Vaults:3     Depths (2/5) D:15

Altars:
Elyvilon
Fedhas
Kikubaaqudgha
Makhleb
Nemelex Xobeh
Qazlal
Sif Muna
Beogh
Jiyva
Lugonu

Shops:
D:7 ?   D:9 =   D:12 =   D:14 }   Orc:1 !   Orc:4 *[?:(   Elf:1 :   Vaults:1 [
Vaults:4 }

Portals:
Abyss: Depths:2

Annotations:
D:8 Erolcha
D:12 efreet, ugly thing, exclusion: downstairs
D:13 Norris
D:15 1 exclusion
Swamp:4 Frances
Swamp:5 1 exclusion
Spider:2 Arachne


Innate Abilities, Weirdness & Mutations

You are small and have problems with some larger weapons.
You are carnivorous and can eat meat at any time.
You have a pair of small horns on your head.
You have an uncontrollable temper.
Your flesh is heat resistant.
Your natural rate of healing is unusually fast.
Your spells are a little harder to cast, but a little more powerful.


Message History

The lich gestures at you while chanting.
The bolt of negative energy hits the Brimstone Fiend.
The Brimstone Fiend completely resists.
The bolt of negative energy misses you.
There is an open door, spattered with blood here.
Items here: ( ))) [ 12 bolts; an arbalest; a chain mail; a runed battleaxe an uncursed spear of venom Some rock shatters into small pieces.
The Brimstone Fiend gestures at you.
The hellfire explodes!
The blast of hellfire engulfs you!
Some rock shatters into small pieces.
You see here 15 arrows.
Some rock shatters into small pieces.
The lich gestures at you while chanting.
The bolt of negative energy hits you!
You feel drained.
* * * LOW HITPOINT WARNING * * *
There is a stone staircase leading up, spattered with blood here.
The lich casts a spell at you. The bolt of negative energy hits you!
You feel drained.
You die...

................#..........
##.≈≈≈...........2[[........
##..≈≈≈.#).....2.#)#'#(....L.
≈
#...≈≈.#[..).1L2##...##.....
.# ##.....#......(#.#.....#
#'#....#
#.....#..........#.....#
##....
............'.>[.##[∩.##
+.... ...#.)..[#'#.((.(######
#.... ..#.....##.(###[@# #
#.. ........'[).###### Y##.
........#...(# .'.
...#....#..).# #z
.#.....####### #z
......##..## ####
......+...)# ... ##()#
....#.#....# .......⌠. #....
..#..)'...(# ≈≈.⌠.......
#<:>.


You could see a Brimstone Fiend, a cacodemon, a lich and a blizzard demon.

Vanquished Creatures
  Saint Roka (Elf:2)
  Mara (Vaults:4)
  Nikola (Swamp:5)
  A deep elf blademaster (Elf:2)
  A sphinx (Vaults:2)
  Rupert (Lair:6)
  Agnes (Swamp:2)
  2 thorn hunters
  The ghost of casual the Blocker, a mighty FoFi of Zin (Elf:2)
  2 fire giants
  Wiglaf (Depths:2)
  An orc warlord (Orc:4)
  3 ghost moths (Spider:5)
  3 frost giants
  2 deep elf sorcerers
  The ghost of Uberwunderbarhen the Bludgeoner, a mighty GrFi of Okawaru (Swamp:1)
  7 emperor scorpions
  A very ugly thing (Vaults:3)
  7 vault wardens
  2 spriggan defenders (Depths:1)
  3 deep elf demonologists
  8 stone giants
  2 rakshasas (Depths:1)
  2 dire elephants (Lair:8)
  An unborn (Vaults:3)
  Snorg (Elf:1)
  A deep elf death mage (Vaults:4)
  3 ettins (Depths:1)
  4 yaktaur captains
  6 vault guards
  3 minotaurs
  A deep elf high priest (Elf:1)
  5 fire dragons
  4 great orbs of eyes
  An ice dragon (Depths:1)
  8 ironheart preservers
  21 hydras
  3 shambling mangroves
  Erica (Lair:4)
  3 deep troll earth magi (Vaults:3)
  A deep troll shaman (Vaults:2)
  7 centaur warriors
  28 death yaks
  6 alligators
  10 ogre magi
  12 spriggans
  A sun demon (Lair:8)
  5 orc high priests
  A spriggan berserker (Depths:2)
  Nergalle (Lair:3)
  20 deep elf knights
  A skeletal warrior (Depths:1)
  2 fire crabs
  3 hell knights (Depths:1)
  A deep troll (shapeshifter) (Vaults:2)
  A death drake (Swamp:2)
  20 orb spiders
  10 ironbrand convokers
  3 wizards
  2 flayed ghosts (Vaults:3)
  9 swamp dragons
  A giant orange brain (Depths:2)
  4 unseen horrors
  12 deep trolls
  2 spriggan druids
  6 hill giants
  8 deep elf summoners
  Pikel (D:6)
  6 harpies
  5 necromancers
  A harpy (shapeshifter) (Vaults:2)
  4 spectral hydras (Swamp:2)
  15 orc knights
  6 griffons
  A stone giant zombie (Vaults:1)
  A salamander (Depths:1)
  13 deep elf conjurers
  A griffon (shapeshifter) (Elf:1)
  25 wolf spiders
  The ghost of asdu the Grave Robber, an experienced VSNe of Ru (D:10)
  12 red wasps
  A lindwurm (Swamp:5)
  4 orc sorcerers
  A fire giant zombie (Vaults:4)
  9 cyclopes
  A manticore (D:14)
  A sixfirhy (Lair:8)
  A small abomination (Elf:2)
  24 ugly things
  4 moths of wrath
  A black mamba (shapeshifter) (Vaults:3)
  6 elephants (Lair:8)
  2 oklob plants (Lair:7)
  A frost giant skeleton (Vaults:4)
  A smoke demon (Lair:8)
  2 guardian serpents (Depths:2)
  5 vault sentinels
  A fire giant skeleton (Vaults:2)
  29 yaktaurs
  2 torpor snails
  3 black mambas
  4 orange demons (Lair:8)
  A queen ant (Lair:3)
  20 spiny frogs
  2 naga magi (D:15)
  A centaur skeleton (D:10)
  11 demonic crawlers
  7 fire drakes
  9 komodo dragons
  4 kobold demonologists
  3 swamp worm zombies (Swamp:2)
  2 tengu conjurers (D:15)
  21 jumping spiders
  A yaktaur skeleton (Vaults:3)
  3 large abominations
  A komodo dragon (shapeshifter) (D:15)
  4 wandering mushrooms (D:11)
  2 death yak skeletons (Depths:1)
  2 freezing wraiths
  A minotaur zombie (Lab)
  A red devil (Lair:8)
  An efreet (D:12)
  13 deep elf priests
  A fire drake (shapeshifter) (Vaults:1)
  A hellwing (Elf:1)
  2 polar bears (Lair:7)
  A blue devil (Vaults:4)
  9 trolls
  8 giant leeches
  12 bog bodies
  A hydra skeleton (D:12)
  21 trapdoor spiders
  53 slime creatures
  2 alligator zombies (Swamp:2)
  An air elemental (Depths:1)
  17 blink frogs
  4 boulder beetles
  20 ravens
  3 baby alligators (Swamp:3)
  12 two-headed ogres
  15 dancing weapons
  A trapdoor spider zombie (D:13)
  64 yaks
  2 spectral swamp dragons (Swamp:2)
  A basilisk (shapeshifter) (Vaults:3)
  A human (shapeshifter) (Vaults:2)
  6 wyverns
  A griffon skeleton (D:15)
  40 redbacks
  A vampire (D:12)
  2 ettin skeletons
  19 tarantellas
  3 basilisks
  6 wraiths
  6 shadows
  4 giant leech zombies (Swamp:2)
  25 deep elf magi
  A tarantella (shapeshifter) (D:14)
  14 humans
  2 ynoxinuls
  Eustachio (D:7)
  A golden eye (shapeshifter) (Vaults:2)
  Grum (Orc:3)
  3 hungry ghosts
  A hog (Volcano)
  3 elf skeletons (Elf:2)
  A fire bat (Volcano)
  3 steam dragons
  40 deep elf fighters
  20 soldier ants (Lair:3)
  19 wolves
  11 hippogriffs
  28 water moccasins
  2 hell hounds (Lair:8)
  3 mottled dragons
  22 swamp worms
  A spiny frog zombie (Swamp:2)
  27 vampire mosquitoes
  4 ice beasts
  An ettin simulacrum (Vaults:4)
  41 orc warriors
  8 porcupines
  10 swamp drakes
  13 wargs
  3 sky beasts
  A slave (D:6)
  28 spiders
  2 ogre skeletons
  2 black bears
  3 phantoms
  2 orc zombies
  A spider (shapeshifter) (Vaults:2)
  15 yellow wasps
  An ogre (shapeshifter) (Depths:1)
  38 ogres
  15 centaurs
  A boring beetle (shapeshifter) (Vaults:2)
  5 boggarts (Vaults:3)
  A manticore skeleton (D:10)
  Sigmund (D:5)
  Duvessa (D:9)
  A centaur (shapeshifter) (Vaults:3)
  A lost soul (Vaults:4)
  A komodo dragon zombie (D:11)
  18 crocodiles
  2 big kobolds
  A brain worm (D:11)
  25 giant frogs
  A cyclops zombie (D:12)
  A deep troll simulacrum (D:15)
  33 insubstantial wisps
  2 oklob saplings (D:11)
  3 scorpions
  4 spriggan zombies (Swamp:2)
  An eye of draining (shapeshifter) (Depths:2)
  4 troll zombies (Swamp:2)
  4 killer bees (D:9)
  8 wights
  An orc simulacrum (Vaults:2)
  2 goliath beetles
  A human simulacrum (Vaults:3)
  2 electric eels
  9 crimson imps
  5 fulminant prisms
  A jelly (D:11)
  A giant frog zombie (D:6)
  Dowan (D:9)
  A basilisk zombie (D:13)
  A giant frog skeleton (D:12)
  34 orc priests
  7 iguanas
  8 hounds
  2 quasits
  33 orc wizards
  7 orange rats
  A two-headed ogre skeleton (D:10)
  A basilisk skeleton (D:13)
  15 sheep
  30 worker ants
  A brain worm zombie (D:11)
  Ijyb (D:3)
  A hound skeleton (D:5)
  41 adders
  4 gnolls (D:11)
  83 green rats
  2 shadow imps
  A giant mite (D:3)
  2 worms
  An ufetubus (Vaults:4)
  An adder zombie (D:9)
  3 giant geckos
  166 orcs
  13 bats
  17 goblins
  25 hobgoblins
  24 kobolds
  13 quokkas
  3 ball pythons
  6 giant cockroaches
  3 giant newts
  7 giant spores
  12 jackals
  A kobold skeleton (D:4)
  4 orc skeletons
  16 rats
  39 ballistomycetes
  2 crawling corpses (Vaults:2)
  3 fungi
  4 plants
2141 creatures vanquished.

Vanquished Creatures (collateral kills)
  Sojobo (Depths:1)
  A tentacled monstrosity (Depths:2)
  2 tengu reavers (Depths:1)
  Maud (Lair:4)
  A frost giant (Vaults:3)
  A stone giant (Depths:1)
  A deep elf annihilator (Depths:2)
  An unborn (Vaults:3)
  2 ettins
  A vault guard (Vaults:3)
  2 ironheart preservers (Vaults:3)
  A minotaur (Depths:1)
  A great orb of eyes (Depths:2)
  A death yak (Depths:1)
  A tengu warrior (Depths:1)
  An orc high priest (Orc:4)
  2 hell knights (Depths:1)
  A flayed ghost (Depths:2)
  4 skeletal warriors
  2 hill giants (D:13)
  A vault sentinel (Vaults:1)
  A komodo dragon (Lair:4)
  5 two-headed ogres
  A raven (Depths:1)
  A spriggan (Depths:2)
  A deep elf fighter (Elf:2)
  2 wolves (Lair:8)
  A water moccasin (Swamp:3)
  5 ogres
  An ettin simulacrum (Vaults:3)
  A human skeleton (Vaults:1)
  An insubstantial wisp (Swamp:3)
  A human simulacrum (Vaults:1)
  An elf zombie (Depths:2)
  2 orc wizards (Orc:1)
  5 green rats (Lair:4)
  A giant eyeball (Depths:2)
  15 orcs (Orc:1)
  A goblin (Orc:1)
75 creatures vanquished.

Vanquished Creatures (others)
  A deep elf demonologist (Elf:1)
  A fire crab (Swamp:5)
  2 tengu skeletons (Depths:1)
  A deep elf knight (Elf:1)
  A shadow wraith (Vaults:2)
  3 swamp dragons
  2 centaur skeletons
  2 yaktaurs (Vaults:2)
  4 death yak skeletons
  A deep elf priest (Elf:1)
  A raven (Swamp:5)
  11 human skeletons
  A minotaur skeleton (Depths:2)
  A guardian serpent skeleton (Depths:2)
  An ettin skeleton (Depths:1)
  An ice dragon skeleton (Depths:1)
  13 dancing weapons
  A shadow (Swamp:3)
  A porcupine (Lair:1)
  2 vampire mosquitoes
  A deep elf fighter (Vaults:2)
  2 swamp drakes (Swamp:5)
  5 deep troll skeletons (Vaults:3)
  2 spiders
  An ogre (Vaults:4)
  2 orc skeletons
  A centaur (D:13)
  5 yaktaur skeletons
  4 scorpions
  5 killer bees
  A two-headed ogre skeleton (Vaults:3)
  13 elf skeletons
  4 worker ants
  13 ogre skeletons
  107 fulminant prisms
  A green rat (Lair:1)
  A worm (Swamp:4)
  2 orcs
  A quokka (D:13)
  11 fungi
  13 plants
246 creatures vanquished.

Grand Total: 2462 creatures vanquished

Notes
Turn   | Place    | Note
--------------------------------------------------------------
     0 | D:1      | Psiweapon, the Kobold Enchanter, began the quest for the Orb.
     0 | D:1      | Reached XP level 1. HP: 10/10 MP: 3/3
   239 | D:1      | Reached XP level 2. HP: 6/15 MP: 0/4
   498 | D:1      | Learned a level 2 spell: Ensorcelled Hibernation
   969 | D:2      | Reached XP level 3. HP: 19/19 MP: 3/6
  1005 | D:2      | Reached XP level 4. HP: 24/24 MP: 1/7
  1242 | D:2      | Found a sparkling altar of Nemelex Xobeh.
  1457 | D:2      | Reached skill level 5 in Hexes
  1661 | D:3      | Reached skill level 1 in Ice Magic
  1720 | D:3      | Reached XP level 5. HP: 28/28 MP: 9/9
  1773 | D:3      | Noticed Ijyb
  1779 | D:3      | Killed Ijyb
  1941 | D:3      | Learned a level 3 spell: Confuse
  2532 | D:4      | Noticed an ogre
  2543 | D:4      | Killed an ogre
  2543 | D:4      | Reached XP level 6. HP: 32/32 MP: 3/10
  2618 | D:4      | Noticed a phantom
  2646 | D:4      | Killed a phantom
  2815 | D:4      | Reached skill level 5 in Ice Magic
  2815 | D:4      | Reached XP level 7. HP: 36/36 MP: 12/12
  3032 | D:4      | Reached skill level 5 in Stealth
  3140 | D:4      | Found a glowing drain.
  3150 | D:4      | Reached skill level 6 in Stealth
  3152 | Sewer    | Entered a sewer
  3586 | Sewer    | Found a glowing silver altar of Zin.
  4022 | D:5      | Entered Level 5 of the Dungeon
  4199 | D:5      | Reached XP level 8. HP: 35/41 MP: 9/13
  4240 | D:5      | Reached skill level 5 in Short Blades
  4509 | D:5      | Learned a level 3 spell: Dazzling Spray
  4611 | D:5      | Noticed Sigmund
  4623 | D:5      | Killed Sigmund
  4627 | D:5      | Reached skill level 7 in Stealth
  4831 | D:5      | Reached skill level 8 in Stealth
  5882 | D:6      | Reached XP level 9. HP: 45/45 MP: 8/14
  5930 | D:6      | Found a deep blue altar of Sif Muna.
  5938 | D:6      | Became a worshipper of Sif Muna the Loreminder
  6048 | D:6      | Reached skill level 1 in Conjurations
  6180 | D:6      | Reached skill level 9 in Stealth
  6769 | D:6      | Noticed Pikel
  6775 | D:6      | Killed Pikel
  6775 | D:6      | Acquired Sif Muna's first power
  6907 | D:7      | Found a staircase to the Ecumenical Temple.
  6929 | D:7      | Found Waucicku's Magic Scroll Emporium.
  6943 | D:7      | Reached skill level 10 in Stealth
  6958 | D:7      | Bought 3 scrolls of identify for 60 gold pieces
  6958 | D:7      | Bought a scroll of magic mapping for 35 gold pieces
  6958 | D:7      | Bought a scroll of teleportation for 30 gold pieces
  6958 | D:7      | Bought a scroll of teleportation for 30 gold pieces
  6958 | D:7      | Bought a scroll of identify for 20 gold pieces
  6958 | D:7      | Bought a scroll of fog for 20 gold pieces
  7079 | D:7      | Reached XP level 10. HP: 50/50 MP: 9/16
  7171 | D:7      | Noticed Eustachio
  7180 | D:7      | Killed Eustachio
  7180 | D:7      | Reached skill level 5 in Conjurations
  7371 | D:8      | Noticed Erolcha
  7670 | D:9      | Noticed Duvessa
  7671 | D:9      | Noticed Dowan
  7683 | D:9      | Killed Dowan
  7704 | D:9      | Killed Duvessa
  7801 | D:9      | Found a staircase to the Lair.
  7822 | Lair:1   | Entered Level 1 of the Lair of Beasts
  7942 | Lair:1   | Reached skill level 10 in Short Blades
  7942 | Lair:1   | Reached skill level 11 in Stealth
  8225 | Lair:1   | Acquired Sif Muna's second power
  8232 | Lair:1   | Reached skill level 1 in Invocations
  8388 | Lair:1   | Identified a +0 rod of inaccuracy (13/13) (You found it on level 1 of the Lair of Beasts)
  8563 | Lair:1   | Learned a level 2 spell: Sure Blade
  8568 | Lair:1   | Learned a level 4 spell: Enslavement
  8616 | Lair:2   | Reached skill level 1 in Evocations
  8627 | Lair:2   | Found a labyrinth entrance.
  8642 | Lab      | Entered a labyrinth
  8931 | Lab      | Noticed a minotaur
  8936 | Lab      | Killed a minotaur
  8936 | Lab      | Reached skill level 5 in Spellcasting
  8962 | Lab      | Reached skill level 5 in Evocations
  9078 | Lab      | Identified a +5 rod of the swarm (12/12) (You found it in a labyrinth)
  9079 | Lab      | Identified a +2 rod of destruction (14/14) (You found it in a labyrinth)
  9080 | Lab      | Identified a +6 rod of the swarm (11/11) (You found it in a labyrinth)
  9131 | Lair:2   | Reached XP level 11. HP: 54/54 MP: 21/23
  9311 | Lair:2   | Noticed a spiny frog
  9327 | Lair:2   | Killed a spiny frog
  9857 | Lair:2   | Reached skill level 5 in Dodging
 10458 | Lair:3   | Noticed Nergalle
 10484 | Lair:3   | Noticed a spectral orc warlord
 10890 | Lair:3   | Killed Nergalle
 10890 | Lair:3   | Reached XP level 12. HP: 55/59 MP: 24/24
 10950 | Lair:3   | Found a hole to the Spider Nest.
 11450 | Lair:4   | Noticed Maud
 11519 | Lair:4   | Killed Maud
 11671 | Lair:4   | Acquired Sif Muna's third power
 11702 | Lair:4   | Noticed an eight-headed hydra
 11776 | Lair:4   | Noticed Erica
 11788 | Lair:4   | Killed Erica
 11883 | Lair:4   | Killed an eight-headed hydra
 12082 | Lair:4   | Reached skill level 10 in Hexes
 12697 | Lair:5   | Found a staircase to the Swamp.
 12747 | Lair:5   | Noticed a five-headed hydra
 12751 | Lair:5   | Killed a five-headed hydra
 12751 | Lair:5   | Reached skill level 10 in Evocations
 12781 | Lair:5   | Reached skill level 1 in Armour
 13156 | Lair:5   | Reached XP level 13. HP: 63/63 MP: 25/27
 13723 | Lair:5   | Noticed a five-headed hydra
 13731 | Lair:5   | Killed a five-headed hydra
 14317 | Lair:6   | Noticed Rupert
 14336 | Lair:6   | HP: 1/63 [Rupert/runed great sword (4)]
 14696 | D:9      | Found Ryfye's Jewellery Shoppe.
 14773 | D:9      | Reached skill level 10 in Dodging
 15229 | D:10     | Entered Level 10 of the Dungeon
 15249 | D:10     | Reached skill level 1 in Shields
 15256 | D:10     | Gained mutation: Your natural rate of healing is unusually fast. [mutagenic meat]
 15266 | D:10     | Noticed asdu's ghost (experienced VSNe)
 15293 | D:10     | Killed asdu's ghost
 15515 | D:10     | Found a staircase to the Orcish Mines.
 17052 | D:12     | Found a burning altar of Makhleb.
 17382 | D:11     | Found a blossoming altar of Fedhas.
 17749 | Lair:2   | Gained mutation: You can translocate small distances at will. [potion of beneficial mutation]
 17844 | Spider:1 | Entered Level 1 of the Spider Nest
 18359 | Lair:6   | Reached skill level 5 in Armour
 18641 | Lair:6   | Killed Rupert
 18641 | Lair:6   | Reached XP level 14. HP: 68/68 MP: 21/30
 18800 | Lair:6   | Reached skill level 5 in Shields
 20106 | Lair:7   | Found a viscous altar of Jiyva.
 20106 | Lair:7   | Noticed an acid blob
 20107 | Lair:7   | Found a staircase to the Slime Pits.
 20107 | Lair:7   | Noticed an acid blob
 20107 | Lair:7   | Noticed an acid blob
 21292 | Lair:8   | Entered Level 8 of the Lair of Beasts
 21309 | Lair:8   | Reached skill level 1 in Fighting
 22112 | Lair:7   | Reached XP level 15. HP: 77/77 MP: 23/32
 22485 | Lair:8   | Received a gift from Sif Muna
 22615 | Lair:8   | Identified Sif Muna's Almanac of Bewitchment and Blows and Bruises (Sif Muna gifted it to you on level 8 of the Lair of Beasts)
 22627 | Lair:8   | Learned a level 3 spell: Tukima's Dance
 22632 | Lair:8   | Learned a level 4 spell: Fulminant Prism
 23018 | Lair:8   | Upgraded the game from 0.16-a0-791-gf1c67de to 0.16-a0-890-g98fc465
 23065 | Lair:8   | Found a burning altar of Makhleb.
 23437 | Lair:8   | Reached skill level 5 in Fighting
 23958 | Lair:8   | Upgraded the game from 0.16-a0-890-g98fc465 to 0.16-a0-1009-g0339a9e
 24112 | Lair:8   | Reached skill level 12 in Stealth
 24777 | Lair:8   | Found a gateway to Hell.
 25352 | Orc:1    | Entered Level 1 of the Orcish Mines
 25562 | Orc:1    | Found a dark tunnel.
 25569 | Volcano  | Entered a volcano
 25977 | Orc:1    | Found Jioshipoo's Distillery.
 26010 | Orc:1    | Bought a potion of confusion for 10 gold pieces
 26010 | Orc:1    | Bought a potion of lignification for 20 gold pieces
 26010 | Orc:1    | Bought a potion of curing for 20 gold pieces
 26010 | Orc:1    | Bought a potion of magic for 55 gold pieces
 26819 | Orc:3    | Noticed Grum
 26835 | Orc:3    | Killed Grum
 27097 | Orc:4    | Entered Level 4 of the Orcish Mines
 27273 | Orc:4    | Found Tweos' Antique Armour Shoppe.
 27386 | Orc:4    | Noticed an orc warlord
 27674 | D:12     | Reached XP level 16. HP: 90/90 MP: 27/33
 27729 | D:12     | Found a stormy altar of Qazlal.
 27883 | D:12     | Found an ancient bone altar of Kikubaaqudgha.
 28451 | D:12     | Reached skill level 13 in Stealth
 28944 | D:13     | Found a gate to the Vaults.
 28944 | D:13     | Noticed Norris
 29094 | D:12     | Found a corrupted altar of Lugonu.
 29110 | D:12     | Gained mutation: You are dopey. (Int -2) [a neqoxec]
 29113 | D:12     | Gained mutation: You tend to lose your temper in combat. [a neqoxec]
 29114 | D:12     | Reached skill level 10 in Spellcasting
 29117 | D:12     | Gained mutation: You often lose your temper in combat. [a neqoxec]
 29118 | D:12     | Gained mutation: You have an uncontrollable temper. [a neqoxec]
 29165 | D:12     | Found Klal's Jewellery Shop.
 29221 | D:12     | Bought the amulet "Zachit" {Clar rElec Str+1} for 505 gold pieces
 29263 | D:12     | Gained mutation: You have a pair of small horns on your head. [mutagenic meat]
 29264 | D:12     | Lost mutation: You can translocate small distances at will. [mutagenic meat]
 29743 | Orc:1    | Bought a potion of mutation for 25 gold pieces
 29743 | Orc:1    | Bought a potion of mutation for 25 gold pieces
 29744 | Orc:1    | Gained mutation: Your flesh is heat resistant. [potion of mutation]
 29745 | Orc:1    | Gained mutation: Your spells are a little harder to cast, but a little more powerful. [potion of mutation]
 29745 | Orc:1    | Lost mutation: You are dopey. (Int -2) [potion of mutation]
 29945 | D:13     | Received a gift from Sif Muna
 29946 | D:13     | Identified Sif Muna's Grimoire of Earthen Combat Magic (Sif Muna gifted it to you on level 13 of the Dungeon)
 29957 | D:13     | Found a white marble altar of Elyvilon.
 29975 | D:13     | Reached skill level 1 in Throwing
 30154 | D:12     | Learned a level 4 spell: Iskenderun's Mystic Blast
 30415 | Orc:4    | Found a roughly hewn altar of Beogh.
 30607 | Orc:4    | Found Duhamus' Antique Weapon Boutique.
 30720 | Orc:4    | Bought a pair of runed boots for 139 gold pieces
 30730 | Orc:4    | Identified a +0 pair of boots of running (You bought it in a shop on level 4 of the Orcish Mines)
 31001 | Orc:4    | Found Brievahu's Book Boutique.
 31018 | Orc:4    | Found Jacis' Magic Scroll Boutique.
 31030 | Orc:4    | Bought a scroll of blinking for 112 gold pieces
 31105 | Orc:4    | Killed an orc warlord
 31136 | Orc:4    | Found Gacohaut's General Store.
 31445 | Orc:4    | Bought 2 potions of curing for 56 gold pieces
 31459 | Orc:3    | Found a staircase to the Elven Halls.
 31539 | Orc:3    | Reached skill level 5 in Throwing
 31847 | Orc:4    | Bought a scroll of torment for 112 gold pieces
 31847 | Orc:4    | Bought a scroll of vulnerability for 112 gold pieces
 31847 | Orc:4    | Bought a scroll of enchant armour for 112 gold pieces
 31847 | Orc:4    | Bought a scroll of enchant armour for 112 gold pieces
 32234 | Swamp:1  | Entered Level 1 of the Swamp
 32256 | Swamp:1  | Reached skill level 10 in Conjurations
 32768 | Swamp:1  | Noticed Uberwunderbarhen's ghost (mighty GrFi)
 33234 | Spider:1 | Got a fine spear
 33235 | Spider:1 | Identified the +11 spear of Valiance {flame, -Cast rElec Int+2} (You found it on level 1 of the Spider Nest)
 34142 | Spider:2 | Learned a level 3 spell: Conjure Flame
 34211 | Spider:2 | Noticed Arachne
 34845 | Spider:3 | Reached XP level 17. HP: 100/100 MP: 29/34
 35611 | Spider:3 | Reached skill level 14 in Stealth
 36427 | Spider:4 | Reached skill level 10 in Fighting
 37535 | Spider:5 | Entered Level 5 of the Spider Nest
 38315 | Spider:5 | Reached skill level 15 in Stealth
 38971 | Spider:5 | Reached XP level 18. HP: 107/107 MP: 32/34
 38999 | Spider:5 | Received a gift from Sif Muna
 39043 | Spider:5 | Got a gossamer rune of Zot
 39505 | Lair:2   | Learned a level 3 spell: Passwall
 39742 | Swamp:2  | Noticed Agnes
 39752 | Swamp:2  | Killed Agnes
 39752 | Swamp:2  | Reached skill level 1 in Earth Magic
 39917 | Swamp:2  | Reached skill level 1 in Transmutations
 40790 | Swamp:2  | Got a shimmering lapis lazuli ring
 40791 | Swamp:2  | Identified the ring "Phept" {+Inv rF+ Dex+2} (You found it on level 2 of the Swamp)
 40829 | Swamp:2  | Identified a -1 rod of striking (14/14) (You found it on level 2 of the Swamp)
 42328 | Swamp:3  | Found a deep blue altar of Sif Muna.
 42833 | Swamp:1  | Killed Uberwunderbarhen's ghost
 44583 | Swamp:4  | Reached skill level 10 in Shields
 44774 | Swamp:3  | Reached XP level 19. HP: 23/109 MP: 22/35
 45509 | Swamp:4  | Reached skill level 5 in Earth Magic
 46683 | Swamp:4  | Noticed Frances
 46699 | Swamp:5  | Entered Level 5 of the Swamp
 47204 | Swamp:5  | Noticed Nikola
 47703 | Swamp:5  | Received a gift from Sif Muna
 47704 | Swamp:5  | Identified Sif Muna's Guide on Curses (Sif Muna gifted it to you on level 5 of the Swamp)
 47779 | Swamp:5  | Reached skill level 16 in Stealth
 47790 | Swamp:5  | Killed Nikola
 47966 | Swamp:5  | Got a decaying rune of Zot
 49171 | D:14     | Learned a level 2 spell: Stoneskin
 49176 | D:14     | Learned a level 4 spell: Petrify
 49254 | D:14     | Found Dismy's Gadget Shop.
 49902 | D:15     | Entered Level 15 of the Dungeon
 50847 | D:15     | Found a staircase to the Depths.
 51521 | D:15     | Reached XP level 20. HP: 80/114 MP: 34/36
 51576 | D:15     | Reached skill level 17 in Stealth
 52067 | Depths:1 | Entered Level 1 of the Depths
 52343 | Vaults:1 | Entered Level 1 of the Vaults
 53251 | Vaults:1 | Found Skeponep's Antique Armour Boutique.
 54567 | Vaults:2 | Identified Josaesumi's Papyrus of Sinister Arts
 54570 | Vaults:2 | Learned a level 1 spell: Animate Skeleton
 54848 | Vaults:2 | Reached skill level 15 in Short Blades
 54848 | Vaults:2 | Reached skill level 1 in Necromancy
 55699 | Vaults:2 | Reached skill level 10 in Armour
 56806 | Vaults:2 | Upgraded the game from 0.16-a0-1009-g0339a9e to 0.16-a0-1029-gdfc7942
 57638 | Vaults:3 | Reached XP level 21. HP: 38/119 MP: 36/36
 58132 | Elf:1    | Entered Level 1 of the Elven Halls
 58375 | Elf:1    | Noticed Snorg
 58415 | Elf:1    | Killed Snorg
 59399 | Elf:1    | Found Kligg's Book Shop.
 60195 | Elf:1    | Got a crude leather armour
 60196 | Elf:1    | Identified the +2 leather armour "Ujiun" {Str+3} (You found it on level 1 of the Elven Halls)
 61746 | Elf:2    | Noticed Saint Roka
 61767 | Elf:2    | Killed Saint Roka
 61857 | Elf:2    | Noticed casual's ghost (mighty FoFi)
 62689 | Elf:2    | Killed casual's ghost
 63403 | Elf:2    | Reached skill level 15 in Dodging
 64623 | Vaults:3 | Received a gift from Sif Muna
 64634 | Vaults:3 | Identified Sif Muna's Compendium of Scorching Combat Magic (Sif Muna gifted it to you on level 3 of the Vaults)
 65001 | Vaults:3 | Reached XP level 22. HP: 124/124 MP: 19/37
 65260 | Vaults:3 | Found a staircase to the Crypt.
 67165 | Vaults:4 | Reached skill level 10 in Earth Magic
 67405 | Vaults:4 | Found Jeonaaq's Gadget Shop.
 67748 | Vaults:4 | Noticed Mara
 67795 | Vaults:4 | Noticed Psiweapon's illusion
 67800 | Vaults:4 | Killed Mara
 69012 | Lair:2   | Learned a level 6 spell: Iron Shot
 69653 | Depths:1 | Got a faintly glowing cutlass
 69654 | Depths:1 | Identified the cursed +3 cutlass "Dokohou" {slice, rElec rPois} (You found it on level 1 of the Depths)
 70249 | Depths:1 | Noticed Sojobo
 70314 | Depths:1 | Killed Sojobo
 70545 | Depths:1 | Found a gateway to Hell.
 70791 | Depths:2 | Noticed Wiglaf
 70802 | Depths:2 | Killed Wiglaf
 70802 | Depths:2 | Reached XP level 23. HP: 129/129 MP: 37/37
 71112 | Depths:2 | Received a gift from Sif Muna
 72204 | Depths:2 | Reached skill level 18 in Dodging
 72303 | Depths:1 | Your ally Sojobo died
 72374 | Depths:2 | Got a vibrating golden ring
 72392 | Depths:2 | Identified the ring "Schia" {+/*Tele +Inv rPois rF+ Slay+4 Stlth+} (You found it on level 2 of the Depths)
 72890 | Depths:2 | Found a one-way gate to the infinite horrors of the Abyss.
 73265 | Depths:2 | Found a gateway to Hell.
 73369 | Depths:2 | Killed from afar by a lich

Action                   |  1- 3 |  4- 6 |  7- 9 | 10-12 | 13-15 | 16-18 | 19-21 | 22-24 || total
-------------------------+-------+-------+-------+-------+-------+-------+-------+-------++-------
Melee: Dagger            |    57 |   119 |   280 |   375 |  1122 |  1081 |   207 |     5 ||  3246
       Short sword       |       |       |     1 |    17 |       |       |       |       ||    18
       Long sword        |       |       |       |       |    28 |       |       |       ||    28
       Scimitar          |       |       |       |       |    16 |       |       |       ||    16
       Cutlass           |       |       |       |       |       |   270 |  1223 |   427 ||  1920
       Spear             |       |       |       |       |       |     2 |     2 |       ||     4
       Rod               |       |       |       |       |       |       |     4 |     3 ||     7
       Demon blade       |       |       |       |       |       |       |       |     2 ||     2
Throw: Tomahawk          |       |       |       |       |     9 |     3 |    18 |     4 ||    34
 Cast: Corona            |    10 |       |     1 |       |     8 |     2 |       |       ||    21
       Ensorcelled Hiber |     5 |    28 |    82 |    75 |   151 |   281 |   141 |    40 ||   803
       Confuse           |       |     5 |    30 |    12 |    30 |    44 |   129 |    60 ||   310
       Dazzling Spray    |       |       |     3 |    33 |   205 |   160 |   172 |   107 ||   680
       Enslavement       |       |       |       |       |     1 |     1 |     3 |     1 ||     6
       Fulminant Prism   |       |       |       |       |    17 |    24 |    51 |    20 ||   112
       Sure Blade        |       |       |       |       |     3 |       |       |       ||     3
       Tukima's Dance    |       |       |       |       |       |    12 |    44 |    35 ||    91
       Iskenderun's Myst |       |       |       |       |       |    18 |     5 |       ||    23
       Conjure Flame     |       |       |       |       |       |    18 |     1 |     3 ||    22
       Passwall          |       |       |       |       |       |     3 |    10 |     1 ||    14
       Stoneskin         |       |       |       |       |       |       |    11 |     3 ||    14
       Petrify           |       |       |       |       |       |       |     9 |     1 ||    10
       Animate Skeleton  |       |       |       |       |       |       |    21 |    74 ||    95
       Iron Shot         |       |       |       |       |       |       |       |     2 ||     2
Invok: Channel Energy    |       |       |     2 |    59 |   158 |   246 |   243 |   196 ||   904
       Forget Spell      |       |       |       |       |       |       |       |     1 ||     1
 Abil: Evoke Invisibilit |       |       |       |    14 |    31 |    21 |    29 |     7 ||   102
       Turn Visible      |       |       |       |     4 |     8 |     7 |     9 |     3 ||    31
       Blink             |       |       |       |       |    14 |     1 |       |       ||    15
       Evoke Flight      |       |       |       |       |       |     1 |     7 |     2 ||    10
       Evoke Teleportati |       |       |       |       |       |       |    21 |     1 ||    22
       Stop Flying       |       |       |       |       |       |       |     1 |       ||     1
Evoke: Rod               |       |       |       |    14 |    77 |    15 |    61 |    47 ||   214
       Wand              |       |       |       |     3 |     8 |    16 |    19 |     4 ||    50
       Fan of gales      |       |       |       |       |       |       |     1 |     1 ||     2
       Deck              |       |       |       |       |       |       |       |     1 ||     1
  Use: Scroll            |       |     1 |    12 |     6 |    18 |    31 |    16 |     7 ||    91
       Potion            |       |       |     1 |     2 |     3 |    10 |     6 |     3 ||    25
 Stab: Sleeping          |     5 |    30 |    69 |   110 |   163 |   261 |   180 |    47 ||   865
       Confused          |       |     5 |    11 |     6 |    20 |    24 |    49 |    19 ||   134
       Invisible         |       |       |     1 |    34 |   156 |   126 |   128 |    31 ||   476
       Distracted        |       |       |     1 |     2 |    11 |     9 |    20 |     8 ||    51
       Paralysed         |       |       |       |     2 |       |       |       |       ||     2
       Held in net/web   |       |       |       |       |       |     1 |       |       ||     1
       Petrifying        |       |       |       |       |       |       |     2 |       ||     2
       Petrified         |       |       |       |       |       |       |     2 |     5 ||     7
  Eat: Chunk             |     3 |    14 |    23 |    38 |    99 |   107 |   112 |    64 ||   460
       Pizza             |       |       |       |     1 |       |     1 |       |       ||     2
       Beef jerky        |       |       |       |     1 |     1 |     1 |       |       ||     3
       Meat ration       |       |       |       |       |       |       |     5 |       ||     5
       Royal jelly       |       |       |       |       |       |       |     1 |       ||     1
